Map: Shadowed Jungle

Players

Winthrowe - Winner!

  • Race: Zerg Zerg
  • League: Silver
  • Spawn Location: 1:00

Nikitta - Winner!

  • Race: Zerg Zerg
  • Spawn Location: 11:00

A.I. 2 (Hard)

  • Race: Terran Terran
  • Spawn Location: 7:00

A.I. 3 (Hard)

  • Race: Zerg Zerg
  • Spawn Location: 5:00

VOD

Have the link to the VOD?

Description

Time

  • Played on: Aug. 29, 2017, 5:41 p.m.
  • Length: 26:15
Show
View Real Time Build Order
Export as new Build Order

Winthrowe Zerg - Winner!

Build Orders: Pool First 

Get SALT Encoding   

  12  0:08  Drone  
  12  0:10  Drone  
  14  0:27  Overlord  
  14  0:38  Extractor  
  14  0:40  Drone  
  14  0:52  Spawning Pool  
  13  0:59  Drone  
  13  1:00  Drone x2  
  16  1:12  Drone  
  17  1:23  Overlord  
  17  1:35  Drone  
  18  1:47  Queen  
  18  1:51  Hatchery  
  19  1:58  Drone x2  
  21  2:06  Drone  
  22  2:25  Spore Crawler  
  22  2:29  Drone x2  
  23  2:40  Queen  
  23  2:43  Drone  
  26  3:04  Drone  
  26  3:05  Drone  
  28  3:07  Evolution Chamber  
  28  3:08  Evolution Chamber  
  26  3:14  Extractor  
  26  3:15  Roach Warren, Drone  
  25  3:41  Drone  
  25  3:42  Drone x5  
  31  3:58  Drone x2  
  31  3:59  Drone x2  
  35  4:24  Overlord x2  
  35  4:25  Overlord  
  35  4:42  Zerg Ground Armor Level 1, Zerg Missile Weapons Level 1, Queen x2  
  39  5:09  Roach x10  
  59  5:17  Pneumatized Carapace  
  59  5:18  Burrow  
  59  5:38  Hatchery  
  58  6:07  Roach  
  58  6:08  Overlord  
  58  6:09  Overlord x3  
  58  6:10  Overlord x2  
  58  6:11  Overlord x2  
  60  6:25  Lair  
  48  7:03  Roach  
  48  7:04  Roach x16  
  48  7:07  Roach  
  78  7:14  Drone  
  78  7:15  Drone x2  
  73  7:53  Drone x3  
  73  7:54  Drone x6  
  82  8:23  Roach x5  
  92  8:49  Roach  
  92  8:50  Roach x7  
  108  9:04  Overlord x4, Roach x21  
  108  9:05  Overlord x2  
  108  9:26  Zerg Ground Armor Level 2  
  108  9:27  Zerg Missile Weapons Level 2  
  108  9:29  Glial Reconstitution  
  108  9:52  Hydralisk Den  
  107  10:01  Extractor  
  107  10:05  Extractor  
  105  10:14  Drone  
  105  10:15  Drone x8  
  105  10:16  Drone  
  105  10:18  Roach  
  105  10:19  Roach x7  
  131  10:42  Roach  
  133  10:43  Roach x7  
  133  10:47  Extractor, Tunneling Claws  
  146  10:50  Extractor  
  113  11:25  Hydralisk x7  
  101  11:26  Hydralisk x2  
  101  11:28  Roach  
  101  11:29  Roach  
  101  11:30  Zergling x4  
  101  11:31  Zergling x4  
  115  11:42  Hydralisk  
  115  11:43  Hydralisk x2  
  119  11:51  Roach x12  
  111  12:20  Hydralisk  
  111  12:21  Hydralisk x7  
  127  12:24  Zergling x14  
  127  12:29  Zergling x2  
  127  13:04  Infestation Pit  
  113  13:22  Hydralisk  
  113  13:23  Hydralisk x11  
  113  13:26  Overlord x2  
  113  13:27  Overlord  
  133  13:29  Zergling x4  
  119  13:44  Metabolic Boost  
  119  13:47  Hive  
  102  14:12  Zerg Melee Weapons Level 1  
  90  14:23  Roach x13  
  104  14:31  Hydralisk x3  
  104  14:32  Hydralisk x2  
  114  14:49  Zergling x2  
  114  14:50  Zergling x14  
  122  15:28  Viper x2  
  122  15:30  Viper  
  131  15:37  Hydralisk x5  
  131  15:38  Hydralisk  
  123  16:22  Roach x9  
  129  16:58  Roach x9  
  132  18:25  Hydralisk  
  132  18:26  Hydralisk x8  
  150  19:38  Spire  
  149  20:05  Hatchery  
  148  20:37  Zergling x4  
  148  20:38  Zergling x20  
  148  20:42  Hydralisk  
  160  20:43  Hydralisk x3  
  109  22:13  Mutalisk x17  
  109  22:14  Mutalisk x4  
  142  22:32  Adrenal Glands  
  142  22:42  Zerg Melee Weapons Level 2  
  142  22:51  Zerg Flyer Armor Level 1  
  142  23:03  Zerg Missile Weapons Level 3  
  132  23:27  Hydralisk  
  132  23:28  Hydralisk x11  
  112  23:51  Mutalisk  
  112  23:55  Zergling x12  
  115  23:56  Zergling x6  
  123  24:21  Mutalisk  
  123  24:23  Zergling x2  
  123  24:24  Zergling x14  
  113  24:54  Roach x7  
  113  24:55  Roach x3  
  113  24:58  Roach  
  133  25:19  Roach x5  
  143  25:49  Roach  
  151  25:50  Roach x3  
Show
View Real Time Build Order
Export as new Build Order

Nikitta Zerg - Winner!

Build Orders: Pool First 

Get SALT Encoding   

  12  0:12  Overlord  
  12  0:16  Drone  
  12  0:18  Drone  
  14  0:40  Drone  
  14  0:41  Drone  
  16  0:47  Extractor  
  16  0:48  Overlord  
  15  1:02  Drone  
  16  1:13  Drone  
  17  1:30  Drone x2  
  19  1:52  Drone  
  19  1:53  Drone  
  21  2:05  Spawning Pool  
  20  2:10  Drone  
  21  2:24  Drone x2  
  23  2:34  Evolution Chamber  
  22  2:40  Drone  
  23  2:51  Spawning Pool  
  22  3:03  Drone  
  22  3:05  Zergling x2  
  24  3:12  Queen  
  26  3:26  Zergling x4  
  28  3:30  Zergling x2  
  29  3:40  Metabolic Boost  
  29  3:47  Zerg Melee Weapons Level 1  
  29  4:18  Zergling x2  
  30  4:24  Overlord  
  30  4:26  Overlord  
  30  4:42  Queen  
  32  4:56  Drone  
  32  4:58  Zergling x4  
  35  5:30  Spine Crawler  
  34  6:04  Lair  
  34  6:08  Zergling x6  
  37  6:32  Zerg Missile Weapons Level 1  
  37  6:44  Zergling x2  
  37  6:45  Zergling x4  
  40  8:06  Zergling x6  
  43  8:27  Spore Crawler  
  42  8:39  Hydralisk Den  
  41  8:48  Overlord  
  41  8:50  Zergling x2  
  41  8:51  Zergling x2  
  43  9:28  Unknown  
  43  10:36  Hydralisk  
  43  10:37  Hydralisk x2  
  49  11:14  Muscular Augments  
  49  12:04  Hatchery  
  48  12:33  Hydralisk x3  
  54  13:37  Nydus Network  
  53  13:42  Zerg Melee Weapons Level 2  
  53  13:51  Lurker Den  
  53  13:56  Hydralisk  
  53  13:57  Hydralisk x2  
  47  15:22  Overlord x3  
  47  15:35  Unknown  
  47  15:43  Extractor  
  46  15:57  Zerg Missile Weapons Level 2  
  22  17:04  Nydus Canal  
  22  18:14  Zerg Ground Armor Level 1  
  22  18:16  Lair  
  22  18:49  Zergling x8  
  22  18:50  Zergling x4  
  28  19:23  Zergling x6  
  31  19:40  Zergling x2  
  32  19:54  Zergling x6  
  35  20:21  Zergling x6  
  35  20:22  Zergling x2  
  39  20:40  Zergling x6  
  39  20:41  Zergling x4  
  44  20:53  Zergling x6  
  47  21:08  Zergling x8  
  47  21:09  Zergling x2  
  49  22:01  Zergling x2  
  49  22:02  Zergling x8  
  49  22:07  Zergling x4  
  49  22:08  Zergling x2  
  27  22:53  Zergling x8  
  27  22:54  Zergling x4  
  33  23:00  Zergling x6  
  36  23:30  Zergling x4  
  36  23:31  Zergling x8  
  42  23:40  Zergling x2  
  42  23:41  Zergling x4  
  44  24:22  Zergling x10  
  49  24:26  Zergling x8  
  49  24:27  Zergling x2  
  54  24:40  Unknown  
Show
View Real Time Build Order
Export as new Build Order

A.I. 2 (Hard) Terran 

Build Orders: MMM Bio 

Get SALT Encoding   

  12  0:01  SCV  
  13  0:13  SCV  
  14  0:20  Supply Depot  
  14  0:25  SCV  
  15  0:42  SCV  
  16  0:44  Barracks  
  16  0:49  Refinery  
  16  0:54  SCV  
  17  1:06  SCV  
  18  1:18  SCV  
  19  1:21  Supply Depot  
  19  1:30  SCV  
  19  1:32  Marine  
  21  1:42  Orbital Command, Barracks  
  21  1:50  Barracks Tech Lab, Refinery  
  21  2:03  Factory  
  21  2:08  Marine  
  22  2:21  Supply Depot  
  22  2:26  Marine  
  23  2:30  Marine  
  24  2:44  Marauder  
  24  2:49  Hellion  
  28  2:55  Supply Depot  
  28  2:58  Marine  
  29  3:07  Marine  
  30  3:17  Marine  
  31  3:26  Marine  
  32  3:29  Supply Depot  
  32  3:36  Hellion  
  32  3:39  SCV  
  35  3:45  Marauder  
  37  3:51  SCV, Engineering Bay  
  38  3:57  Hellion  
  40  4:03  SCV  
  41  4:15  SCV  
  42  4:19  Hellion  
  42  4:20  Supply Depot  
  44  4:27  SCV  
  45  4:39  SCV  
  45  4:40  Hellion  
  48  5:01  Hellion  
  50  6:23  Barracks Tech Lab  
  50  6:24  Terran Infantry Weapons Level 1, Stimpack, Widow Mine  
  52  6:27  Factory  
  52  6:32  Starport  
  51  6:34  Starport, Command Center  
  51  6:36  Supply Depot  
  51  6:37  Missile Turret  
  51  6:40  Missile Turret  
  51  6:41  Combat Shields  
  49  6:50  Armory  
  49  6:52  Widow Mine  
  44  7:00  Marine  
  38  7:08  Starport Tech Lab  
  38  7:11  Marine, Factory Tech Lab  
  38  7:12  Starport Tech Lab  
  39  7:19  Bunker  
  39  7:22  Marine, Factory Tech Lab  
  40  7:26  Raven  
  41  7:32  Marine  
  38  7:43  Marine  
  35  7:47  SCV  
  35  7:48  SCV  
  35  7:49  Refinery  
  37  7:54  Marine  
  37  7:57  Refinery  
  38  7:59  SCV  
  38  8:00  SCV  
  38  8:04  Marine  
  41  8:10  Raven  
  41  8:11  SCV  
  45  8:12  SCV  
  45  8:15  Marine  
  45  8:19  Terran Infantry Armor Level 1  
  46  8:23  SCV  
  46  8:25  SCV  
  46  8:26  Marauder  
  50  8:31  Missile Turret  
  50  8:35  SCV  
  50  8:37  SCV, Marauder  
  54  8:44  Missile Turret  
  54  8:47  SCV  
  54  8:48  Siege Tank  
  58  8:49  SCV  
  59  8:58  Viking  
  59  8:59  SCV  
  59  9:00  Sensor Tower  
  59  9:01  SCV  
  63  9:09  Thor, Bunker  
  69  9:11  SCV  
  69  9:13  SCV  
  71  9:23  SCV, Barracks  
  72  9:25  SCV  
  73  10:09  Barracks Reactor  
  73  10:56  Marine  
  74  10:57  Terran Infantry Weapons Level 2, Medivac x2  
  74  10:58  Terran Vehicle Weapons Level 1  
  74  10:59  Supply Depot  
  74  11:02  Concussive Shells, Marauder  
  80  11:07  Marine  
  80  11:10  Ghost Academy  
  76  11:12  Marine, Command Center  
  76  11:17  Marine  
  67  11:23  Marine  
  62  11:27  Marine, Raven, Medivac  
  66  11:35  Marauder  
  66  11:37  Marine, Supply Depot  
  69  11:42  Marine  
  69  11:47  Marine  
  60  11:56  Marine  
  60  11:58  Marine  
  58  12:03  Marine  
  58  12:08  Marine  
  59  12:14  Marine  
  55  12:18  Marine  
  46  12:23  Marine  
  46  12:26  SCV, Refinery  
  41  12:32  SCV, Marauder  
  41  12:34  Marine, SCV  
  41  12:36  Refinery  
  36  12:38  SCV  
  36  12:39  Marine  
  33  12:44  Marine, SCV  
  33  12:46  SCV  
  33  12:50  SCV  
  35  12:53  Marine  
  35  12:56  SCV  
  33  12:59  SCV  
  33  13:02  Marine  
  33  13:03  SCV  
  28  13:08  SCV  
  28  13:09  Hellion  
  28  13:11  SCV  
  30  13:13  Marine  
  30  13:15  SCV  
  30  13:19  Marine  
  29  13:20  SCV  
  29  13:23  SCV  
  29  13:24  Viking  
  25  13:27  SCV  
  25  13:31  Marine  
  26  13:37  Marine  
  26  13:39  SCV  
  17  13:49  Marine, SCV  
  17  13:51  SCV  
  17  13:55  Marine  
  19  14:01  Viking, SCV  
  20  14:05  Hellion  
  20  14:08  Marine, SCV  
  23  14:13  SCV  
  24  14:20  SCV  
  25  14:25  SCV, Command Center  
  26  14:32  SCV  
  26  14:37  SCV  
  28  14:41  Marine  
  28  14:45  SCV  
  30  14:49  SCV  
  31  14:57  Marine, SCV  
  29  15:02  SCV  
  29  15:04  Marine  
  28  15:09  SCV  
  29  15:15  Marine  
  30  15:22  Marine  
  31  15:32  Marine  
  32  15:38  Viking  
  32  15:39  Marine  
  35  15:50  Marine  
  35  15:52  SCV  
  36  16:03  Siege Tank  
  36  16:35  Siege Tank  
  36  16:36  SCV  
  36  16:37  Marine  
  33  16:42  SCV  
  33  16:46  SCV  
  26  16:50  SCV  
  27  16:54  SCV  
  24  17:02  Marine, SCV  
  24  17:12  SCV  
  18  17:17  SCV  
  18  17:24  SCV  
  18  17:29  SCV  
  19  17:36  SCV  
  19  17:43  Supply Depot, SCV  
  20  18:10  Barracks  
  20  18:41  SCV  
  21  18:50  Supply Depot  
  21  18:53  SCV  
  22  18:57  Marine  
  22  18:58  Factory, SCV  
  24  19:05  SCV  
  25  19:10  SCV  
  25  19:14  Marine  
  27  19:17  SCV  
  28  19:25  Barracks  
  28  19:27  Command Center  
  28  19:34  Barracks Tech Lab  
  28  19:43  Factory Tech Lab  
  28  19:52  Marine  
  29  20:01  Hellion  
  29  20:07  Factory  
  31  20:12  Barracks Tech Lab  
  31  20:21  Starport  
  31  20:22  Siege Tank  
  34  20:39  SCV  
  34  20:41  SCV  
  36  20:44  SCV  
  37  20:50  Factory Tech Lab  
  37  20:51  SCV  
  37  20:53  SCV  
  37  20:54  Siege Tank  
  37  20:56  SCV  
  37  20:57  Starport Tech Lab  
  43  21:03  SCV  
  44  21:09  Starport  
  44  21:15  Orbital Command  
  44  21:16  Raven  
  45  21:20  Marine  
  45  21:23  Marine  
  47  21:30  Hellion  
  49  21:37  Siege Tank  
  49  21:38  Marine  
  53  21:44  Marine  
  53  21:46  Supply Depot, Starport Tech Lab  
  50  21:54  SCV  
  50  21:56  Marine  
  50  21:59  Viking  
  53  22:02  Marine  
  53  22:03  Raven  
  53  22:04  Hellion  
  58  22:10  Siege Tank  
  61  22:22  Supply Depot  
  61  22:24  Marauder  
  61  22:29  Medivac, Marauder  
  66  22:40  SCV  
  66  22:45  Marine, SCV  
  66  22:49  Marine  
  66  22:50  SCV  
  69  22:57  Supply Depot  
  69  23:03  Marine  
  70  23:08  Marauder  
  72  23:21  Ghost Academy, Marauder  
  72  23:26  Raven  
  72  23:27  Supply Depot  
  70  23:29  Marine  
  54  23:42  Marine  
  54  23:46  Marine  
  54  23:48  SCV  
  36  23:58  Viking  
  36  23:59  Ghost  
  39  24:04  Marine  
  39  24:09  Viking  
  35  24:22  Marine  
  35  24:28  Marine  
  30  24:38  SCV  
  27  24:40  Marine  
  18  24:45  SCV  
  18  24:46  Marine  
  15  25:02  Command Center  
  14  25:08  SCV  
  7  25:46  SCV  
  5  25:52  Command Center  
  4  25:58  SCV  
Show
View Real Time Build Order
Export as new Build Order

A.I. 3 (Hard) Zerg 

Build Orders: Pool First 

Get SALT Encoding   

  12  0:01  Drone  
  13  0:12  Overlord  
  13  0:17  Drone  
  14  0:30  Drone  
  14  0:32  Drone  
  16  0:43  Spawning Pool  
  16  0:45  Drone  
  16  0:50  Drone  
  16  0:52  Extractor  
  16  0:55  Drone  
  17  1:06  Overlord  
  17  1:31  Zergling x2, Queen  
  20  1:38  Drone  
  20  1:39  Roach Warren  
  20  1:40  Extractor  
  20  1:43  Zergling x2  
  20  1:49  Drone  
  21  2:00  Drone  
  22  2:10  Overlord  
  22  2:21  Drone  
  23  2:32  Roach  
  25  2:38  Drone  
  25  2:41  Overlord  
  26  2:44  Roach  
  28  2:56  Roach  
  30  3:08  Roach  
  32  3:13  Overlord  
  32  3:21  Roach  
  34  3:33  Roach  
  36  3:44  Overlord  
  36  3:45  Roach  
  38  3:49  Drone  
  38  3:53  Drone  
  40  3:56  Drone  
  40  3:57  Roach  
  43  4:04  Drone  
  44  4:13  Baneling Nest, Roach, Drone  
  44  4:16  Drone  
  47  4:19  Drone  
  48  4:25  Evolution Chamber  
  48  4:26  Roach  
  49  4:37  Drone  
  50  4:44  Roach  
  52  4:56  Roach  
  54  6:27  Zergling x2  
  54  6:47  Zerg Melee Weapons Level 1, Overlord, Zergling x2, Lair  
  54  6:50  Evolution Chamber  
  54  6:51  Spore Crawler  
  54  6:53  Spore Crawler  
  54  6:54  Baneling  
  52  6:58  Hatchery  
  52  7:00  Drone, Zergling x2, Metabolic Boost  
  53  7:05  Overlord  
  53  7:07  Zergling x2  
  54  7:13  Zergling x2  
  55  7:15  Zerg Ground Armor Level 1  
  55  7:19  Spine Crawler  
  55  7:20  Baneling, Zergling x2  
  55  7:30  Spine Crawler  
  55  7:32  Zergling x2  
  51  7:38  Zergling x2  
  50  7:45  Burrow, Overseer x2  
  50  7:47  Spire  
  49  8:04  Hydralisk Den  
  48  8:09  Queen  
  48  8:10  Drone  
  48  8:11  Drone  
  52  8:13  Drone  
  52  8:14  Drone  
  52  8:15  Drone  
  55  8:20  Extractor  
  55  8:24  Drone  
  55  8:27  Drone  
  55  8:31  Drone  
  55  8:32  Drone  
  55  8:34  Drone  
  59  8:35  Drone  
  59  8:38  Drone  
  61  8:41  Drone  
  61  8:42  Zerg Missile Weapons Level 1  
  61  8:44  Drone  
  61  8:48  Drone  
  64  8:49  Drone  
  64  8:51  Drone  
  64  8:55  Drone  
  67  8:57  Drone  
  67  8:59  Mutalisk, Drone  
  67  9:01  Overlord  
  71  9:06  Drone  
  71  9:08  Mutalisk  
  74  9:15  Mutalisk  
  74  9:16  Drone  
  77  9:18  Drone  
  77  9:20  Drone  
  77  9:22  Mutalisk  
  81  9:28  Overlord  
  81  9:29  Mutalisk  
  81  9:30  Drone  
  84  9:32  Drone  
  84  9:35  Mutalisk  
  84  9:37  Spore Crawler  
  86  9:39  Spore Crawler, Drone  
  86  9:44  Queen  
  88  9:51  Infestation Pit  
  87  10:04  Spine Crawler  
  87  10:07  Spine Crawler  
  85  10:48  Extractor  
  85  10:49  Drone  
  85  10:53  Overlord, Infestor  
  85  10:54  Hive, Pneumatized Carapace, Overseer  
  87  11:00  Infestor  
  89  11:05  Hatchery  
  89  11:06  Infestor  
  89  11:12  Drone  
  89  11:13  Infestor, Drone  
  89  11:15  Roach  
  89  11:19  Infestor  
  86  11:29  Roach  
  80  11:35  Roach  
  73  11:42  Roach  
  75  11:48  Roach  
  77  11:54  Zergling x2  
  77  12:01  Roach  
  80  12:06  Viper  
  80  12:07  Roach  
  85  12:13  Infestor  
  87  12:16  Viper  
  87  12:19  Drone  
  87  12:20  Infestor, Drone  
  87  12:21  Drone  
  95  12:23  Drone  
  95  12:24  Drone  
  95  12:26  Drone  
  95  12:27  Drone  
  95  12:29  Drone  
  100  12:30  Extractor, Drone  
  100  12:31  Zerg Melee Weapons Level 2, Overlord  
  100  12:32  Drone  
  100  12:33  Drone  
  100  12:35  Drone  
  100  12:36  Drone  
  104  12:38  Drone  
  104  12:39  Drone  
  104  12:41  Spore Crawler, Drone  
  104  12:42  Drone  
  108  12:44  Extractor, Drone  
  108  12:45  Drone  
  108  12:47  Drone  
  108  12:48  Drone  
  108  12:50  Overlord  
  110  12:52  Zerg Ground Armor Level 2  
  110  12:53  Drone  
  111  13:10  Zergling x2  
  111  13:12  Spore Crawler  
  110  13:13  Drone  
  110  13:16  Infestor  
  107  13:20  Queen  
  107  13:24  Roach  
  107  13:27  Pathogen Glands  
  111  13:30  Roach  
  109  13:35  Glial Reconstitution  
  109  13:37  Roach, Spine Crawler  
  109  13:39  Drone  
  109  13:40  Spine Crawler  
  110  13:41  Drone  
  110  13:42  Zerg Flyer Weapons Level 1  
  110  13:48  Zergling x2  
  111  13:49  Drone  
  111  13:52  Drone x3  
  111  13:54  Infestor  
  97  13:57  Overseer  
  97  14:00  Drone  
  97  14:02  Drone  
  97  14:03  Overlord  
  97  14:05  Drone x2  
  97  14:15  Infestor  
  98  14:22  Zergling x2  
  93  14:29  Roach  
  87  14:35  Roach  
  84  14:40  Roach  
  88  14:45  Roach  
  88  14:50  Roach  
  90  14:53  Overlord  
  90  14:54  Hatchery  
  90  14:55  Infestor  
  91  15:01  Roach  
  91  15:05  Infestor  
  95  15:10  Hydralisk  
  97  15:15  Overlord  
  97  15:16  Hydralisk  
  97  15:21  Hydralisk  
  99  15:26  Roach  
  103  15:31  Ultralisk Cavern  
  103  15:32  Roach  
  103  15:34  Overlord  
  104  15:37  Roach  
  104  15:42  Roach  
  108  15:46  Hydralisk  
  110  15:51  Hydralisk  
  110  15:54  Roach  
  110  15:56  Hydralisk  
  112  16:02  Zergling x2  
  102  16:08  Roach, Drone  
  102  16:09  Drone  
  102  16:11  Drone  
  84  16:12  Hydralisk, Drone  
  84  16:14  Drone  
  84  16:16  Hydralisk  
  70  16:20  Zergling x2  
  70  16:23  Hydralisk  
  70  16:24  Extractor  
  67  16:28  Extractor  
  67  16:29  Roach  
  67  16:34  Roach  
  67  16:39  Roach  
  70  16:44  Infestor  
  71  16:49  Roach  
  71  16:54  Infestor  
  72  16:58  Hatchery  
  72  16:59  Zergling x2  
  70  17:04  Roach  
  70  17:05  Extractor  
  63  17:09  Hydralisk  
  63  17:14  Hydralisk  
  67  17:20  Ultralisk  
  73  17:37  Viper  
  73  17:40  Zergling x2  
  72  17:45  Roach  
  72  17:49  Hydralisk  
  72  17:55  Roach  
  66  18:00  Roach  
  66  18:05  Roach  
  70  18:10  Roach  
  72  18:15  Hydralisk  
  72  18:17  Drone  
  75  18:20  Infestor  
  77  18:27  Overseer  
  77  18:29  Roach  
  81  18:34  Roach  
  81  18:39  Roach  
  83  18:44  Roach  
  85  18:49  Roach  
  85  18:53  Hydralisk  
  89  18:58  Hydralisk  
  89  18:59  Overlord, Drone  
  89  19:01  Hydralisk  
  94  19:04  Infestor  
  94  19:07  Roach  
  98  19:10  Roach  
  98  19:12  Spore Crawler, Drone  
  98  19:13  Roach  
  98  19:16  Roach  
  105  19:17  Overlord, Drone  
  105  19:18  Zerg Missile Weapons Level 2, Spore Crawler, Drone  
  105  19:19  Roach  
  105  19:20  Drone  
  105  19:21  Drone  
  105  19:22  Overseer, Roach  
  111  19:31  Zerg Flyer Armor Level 1  
  111  19:35  Overlord, Hydralisk, Drone  
  111  19:36  Drone  
  111  19:38  Hydralisk, Drone  
  116  19:39  Drone  
  116  19:41  Drone  
  116  19:44  Zerg Melee Weapons Level 3  
  120  19:53  Overlord, Drone  
  120  19:54  Spore Crawler  
  120  19:55  Drone  
  120  19:56  Drone  
  120  19:58  Drone  
  120  19:59  Drone  
  124  20:00  Drone  
  124  20:02  Drone  
  124  20:03  Drone  
  124  20:05  Drone  
  128  20:11  Overlord, Drone  
  128  20:13  Drone  
  130  20:24  Chitinous Plating  
  130  20:25  Spore Crawler  
  130  20:27  Drone  
  130  20:29  Queen  
  130  20:31  Overlord  
  130  20:33  Tunneling Claws  
  132  20:36  Queen  
  134  20:50  Spine Crawler  
  134  20:51  Hatchery, Drone  
  134  20:53  Spine Crawler, Drone  
  134  20:55  Overlord  
  126  20:57  Zergling x2  
  126  21:02  Roach  
  103  21:06  Roach  
  103  21:08  Roach  
  80  21:11  Roach  
  80  21:14  Roach  
  80  21:17  Roach  
  82  21:20  Hydralisk  
  82  21:23  Hydralisk  
  82  21:25  Zerg Flyer Weapons Level 2  
  84  21:26  Roach  
  84  21:29  Roach  
  84  21:31  Hydralisk  
  87  21:34  Hydralisk  
  87  21:37  Zerg Missile Weapons Level 3, Infestor  
  83  21:41  Roach, Drone x3  
  83  21:44  Roach  
  77  21:47  Roach  
  77  21:50  Roach  
  77  21:53  Hatchery, Roach, Drone x3  
  71  21:56  Roach  
  71  21:59  Zergling x2  
  70  22:02  Roach  
  70  22:05  Roach  
  70  22:08  Hydralisk  
  66  22:09  Drone  
  65  22:16  Drone x2  
  60  22:23  Drone  
  18  22:58  Hatchery  
  18  23:02  Drone  
  8  23:58  Drone  
  8  24:02  Drone  
  9  24:04  Drone  
  9  24:07  Drone  
  5  24:10  Drone  
  5  24:11  Drone  
  5  24:46  Drone  
  6  26:03  Hatchery  
Tags
 
Add a new tag
Caveats
  • Supply blocks, unpowered buildings, or Contaminate may cause inaccurate times.
  • Supply counts are checked every 10 seconds.